 Dungeon Crawl Stone Soup version 0.32-a0-953-g508020473e (webtiles) character file.

Game seed: 10930969482898465133

1217 Sabo the Covered (level 8, -2/63 HPs)
             Began as a Minotaur Artificer on Apr 16, 2024.
             Slain by a troll (5 damage)
             ... on level 6 of the Dungeon.
             The game lasted 00:30:59 (5290 turns).

Sabo the Covered (Minotaur Artificer)               Turns: 5290, Time: 00:31:01

Health: -2/63      AC: 15    Str: 19    XL:     8   Next: 22%
Magic:  7/7        EV:  6    Int:  8    God:
Gold:   338        SH:  5    Dex: 17    Spells: 7/7 levels left

rFire   . . .        A - +3 short sword
rCold   . . .        (no shield)
rNeg    . . .        w - +1 plate armour
rPois   .            (helmet restricted)
rElec   .            t - +0 cloak
rCorr   .            (no gloves)
SInv    .            (no boots)
Will    .....        m - amulet of reflection Stlth
                     f - +4 ring of slaying
HPRegen 0.30/turn    o - +6 ring of dexterity
MPRegen 0.10/turn

%: reflection
@: on fire, glowing
A: horns 2, retaliatory headbutt
a: no special abilities


You were on level 6 of the Dungeon.
You visited 1 branch of the dungeon, and saw 6 of its levels.

You collected 338 gold pieces.

Inventory:

Hand Weapons
 j - a +0 hand axe
 y - a +1 short sword of electrocution
 A - a +3 short sword (weapon)
 B - a +0 shortbow
 E - a +2 flail of draining
 F - a +1 scythe of venom
Missiles
 x - 10 boomerangs
 z - 6 atropa-tipped darts
 K - 6 javelins
Armour
 t - a +0 cloak (worn)
 w - a +1 plate armour (worn)
Jewellery
 f - a +4 ring of slaying (left hand)
 m - an amulet of reflection (around neck)
 o - a +6 ring of dexterity (right hand)
Wands
 b - a wand of warping (4)
 c - a wand of flame (29) (quivered)
 d - a wand of charming (15)
 e - a wand of iceblast (2)
 I - a wand of quicksilver (9)
Scrolls
 h - 3 scrolls of revelation
 i - a scroll of butterflies
 n - a scroll of silence
 p - 2 scrolls of teleportation
 r - a scroll of enchant armour
 u - 2 scrolls of poison
Potions
 a - a potion of berserk rage {unknown}
 g - 5 potions of curing
 k - 2 potions of degeneration {unknown}
 l - 3 potions of magic {unknown}
 q - a potion of might {unknown}
 s - 2 potions of mutation {unknown}
 v - 2 potions of brilliance {unknown}
 D - 2 potions of heal wounds {unknown}
 J - a potion of ambrosia {unknown}


   Skills:
 + Level 3.5 Fighting
 + Level 5.4 Short Blades
 + Level 3.0 Maces & Flails
 + Level 6.6 Armour
 + Level 2.3 Dodging
 + Level 1.4 Stealth
 + Level 2.8 Shields
 + Level 4.3 Evocations


You had 7 spell levels left.
You didn't know any spells.
Your spell library contained the following spells:

 Spells                   Type           Power      Damage    Failure   Level
 Sting                    Conj/Alch      0%         1d3       100%        1
 Mercury Vapours          Alch/Air       0%         N/A       100%        2
 Mephitic Cloud           Conj/Alch/Air  0%         N/A       100%        3
 Volatile Blastmotes      Fire/Tloc      0%         2d10      100%        3
 Fulminant Prism          Conj/Alch      0%         3d5       100%        4
 Iskenderun's Mystic Bla Conj/Tloc 0%             2d3        (+2d1     100%        4
 Olgreb's Toxic Radiance  Alch           0%         N/A       100%        4
 Summon Lightning Spire   Summ/Air       0%         N/A       100%        4
 Arcjolt                  Conj/Air       0%         1d10      100%        5
 Freezing Cloud           Conj/Ice/Air   0%         6-21      100%        5
 Maxwell's Capacitive Co  Air            0%         ∞         100%        8


Dungeon Overview and Level Annotations

Branches:
Dungeon (6/15)
 Temple: D:4-7

Altars:
Fedhas

Shops:
D:3 [


Innate Abilities, Weirdness & Mutations

You have a pair of horns on your head.
You reflexively headbutt those who attack you in melee.


Message History

The killer bee is almost dead.
The killer bee stings you but does no damage.
You block the killer bee's attack. The troll bites you but does no damage.
The troll claws you but does no damage. x2
A scorpion comes into view.
You puncture the killer bee!
You kill the killer bee!
You feel sick.
You hit the adder. Your headbutt misses the adder.
The adder is moderately wounded.
You feel sick. The adder bites you but does no damage. The troll bites you!
The troll claws you. You block the troll's attack.
You closely miss the adder.
The adder is moderately wounded.
The adder barely misses you. The troll barely misses you. The troll claws you!
You block the troll's attack.
You puncture the adder!
You kill the adder!
You feel sick. The troll bites you but does no damage.
The troll claws you but does no damage. You block the troll's attack.
You feel sick.
You are no longer poisoned.
The bombardier beetle sprays incendiary fluid at you.
The burning spray hits you.
You are covered in liquid fire!
There is an open door, spattered with blood here.
Things that are here:
an adder corpse; a scorpion corpse; an adder corpse You hit the troll.
You headbutt the troll!
The troll is moderately wounded.
The liquid fire burns you!
* * * LOW HITPOINT WARNING * * *
You barely miss the troll. Your headbutt misses the troll.
The troll is moderately wounded.
The liquid fire burns you!
* * * LOW HITPOINT WARNING * * *
The troll bites you!
* * * LOW HITPOINT WARNING * * *
The troll claws you.
You die...

....#.. ##
....#..####..
..........#.#
...)B.....#.###
..............#
#............#
#...$.#......##
#....s@T......#
#.....#.......#
#.....#.......##
#.....####.....#######
###+## #...........#
#...........#
####'#......#
#.#......#
###.#......##


You could see a troll, a scorpion and a bombardier beetle.

Vanquished Creatures
  Sigmund (D:4)
  Edmund (D:4)
  An ogre (D:5)
  A centaur (D:5)
  2 phantoms (D:5)
  3 scorpions
  A killer bee (D:6)
  A howler monkey (D:6)
  A bombardier beetle (D:4)
  A jelly (D:6)
  Jessica (D:2)
  Ijyb (D:3)
  An iguana (D:5)
  A sleepcap (D:5)
  11 adders
  A white imp (D:6)
  5 dart slugs
  2 ribbon worms
  5 orcs
  11 ball pythons
  5 bats
  9 endoplasms
  6 giant cockroaches
  6 goblins
  7 hobgoblins
  10 kobolds
  3 quokkas
  A frilled lizard (D:2)
  5 rats
104 creatures vanquished.

Notes
Turn   | Place    | Note
-------+----------+-------------------------------------------
     0 | D:1      | Sabo the Minotaur Artificer began the quest for the Orb.
     0 | D:1      | Reached XP level 1. HP: 16/16 MP: 0/0
   146 | D:1      | Reached XP level 2. HP: 23/23 MP: 1/1
   787 | D:2      | Reached XP level 3. HP: 26/28 MP: 2/2
   991 | D:2      | Reached skill level 1 in Maces & Flails
   991 | D:2      | Reached skill level 3 in Armour
  1262 | D:2      | Noticed Jessica
  1264 | D:2      | Killed Jessica
  1265 | D:2      | Reached XP level 4. HP: 29/35 MP: 3/3
  1412 | D:2      | Reached skill level 1 in Stealth
  1971 | D:3      | Found Kuuqiral's Antique Armour Shop.
  1975 | D:3      | Reached XP level 5. HP: 41/41 MP: 4/4
  2105 | D:3      | Noticed Ijyb
  2110 | D:3      | Killed Ijyb
  2783 | D:4      | Reached skill level 1 in Short Blades
  2817 | D:4      | Noticed Edmund
  2827 | D:4      | Killed Edmund
  2828 | D:4      | Reached skill level 4 in Armour
  2828 | D:4      | Reached skill level 1 in Shields
  2828 | D:4      | Reached XP level 6. HP: 45/50 MP: 5/5
  2852 | D:4      | Noticed Sigmund
  2866 | D:4      | Killed Sigmund
  3082 | D:4      | Reached XP level 7. HP: 48/56 MP: 6/6
  3172 | D:4      | Found a blossoming altar of Fedhas.
  4242 | D:5      | Entered Level 5 of the Dungeon
  4327 | D:5      | Reached skill level 5 in Armour
  5151 | D:6      | Reached skill level 5 in Short Blades
  5151 | D:6      | Reached skill level 6 in Armour
  5151 | D:6      | Reached XP level 8. HP: 58/63 MP: 7/7
  5274 | D:6      | Noticed a troll
  5290 | D:6      | HP: 3/63 [troll (12)]
  5290 | D:6      | Slain by a troll

Illustrated notes

Levels and vault maps discovered:
D:1:      roderic_dead_forest, layout_loops_ring, minmay_tromino_i2
D:2:      layout_loops_ring, uniq_jessica
D:3:      layout_basic, serial_shops, shop, dreamdust_wishing_well,
          hangedman_decor_clover_reticule, bh_walls_and_bars, uniq_ijyb
D:4:      layout_basic, fedhas_altar_4, serial_rivers,
          chequers_serial_rivers_large_a, chequers_serial_rivers_small_b,
          chequers_serial_rivers_micro_d, chequers_serial_rivers_micro_e,
          chequers_serial_rivers_large_b, uniq_edmund, uniq_sigmund
D:5:      layout_cave_pools
D:6:      minmay_general_purpose_star, layout_basic, temple_hall,
          minmay_manual_moon

Skill      XL: |  1  2  3  4  5  6  7 |
---------------+----------------------+-----
Evocations     | 3 4 |  4.3
Maces & Flails | 2 3 |  3.0
Armour         | 3 4 6 |  6.6
Fighting       | 2 3 |  3.5
Stealth        | 1 |  1.4
Short Blades   | 2 3 5 |  5.4
Dodging        | 2 |  2.3
Shields        | 1 2 |  2.8

Action                     |  1- 3 |  4- 6 |  7- 9 || total
---------------------------+-------+-------+-------++-------
  Melee: Club              |    58 |       |       ||    58
         Headbutt          |    12 |    12 |    17 ||    41
         Short sword       |     9 |    76 |    90 ||   175
  Evoke: Wand              |     1 |     8 |       ||     9
    Use: Scroll            |     2 |     6 |     4 ||    12
 Armour: Leather armour    |    37 |     3 |       ||    40
         Plate armour      |       |    34 |    71 ||   105
  Dodge: Dodged            |    25 |    21 |    19 ||    65
  Block: Other             |    10 |    11 |    17 ||    38
         Reflection        |       |     1 |       ||     1

Table legend: (Time is in decaauts)
 A = Elapsed time spent in this place.
 B = Non-inter-level travel time spent in this place.
 C = Inter-level travel time spent in this place.
 D = Time resting spent in this place.
 E = Time spent auto-exploring this place.
 F = Levels seen in this place.
 G = Mean time per level.
                   A        B        C        D        E       F      G
               +--------+--------+--------+--------+--------+-----+--------+
         Total |   5355 |   5355 |      0 |    842 |      3 |   6 |  892.5 |
       Dungeon |   5355 |   5355 |      0 |    842 |      3 |   6 |  892.5 |
               +--------+--------+--------+--------+--------+-----+--------+

Top non-repeatable levels by time:
     D:4: 1669 daAuts
     D:2: 1081 daAuts
     D:5: 845 daAuts
     D:1: 793 daAuts
     D:3: 782 daAuts
     D:6: 184 daAuts
